 Dungeon Crawl Stone Soup version 0.29-a0-824-gd827844252 (webtiles) character file.

Game seed: 12563698508856603027

75 indigestion the Shield-Bearer (level 4, -1/35 HPs)
             Began as a Human Fighter on July 11, 2022.
             Slain by a phantom (3 damage)
             ... on level 4 of the Dungeon.
             The game lasted 00:03:25 (1744 turns).

indigestion the Shield-Bearer (Human Fighter)       Turns: 1744, Time: 00:03:25

Health: -1/35      AC:  9    Str: 17    XL:     4   Next: 55%
Magic:  0/4        EV:  6    Int: 10    God:
Gold:   137        SH:  4    Dex: 12    Spells: 3/3 levels left

rFire   . . .      SeeInvis .   a - +0 war axe
rCold   . . .      Faith    .   c - +0 buckler
rNeg    . . .      Spirit   +   q - +0 chain mail
rPois   .          Reflect  .   (no helmet)
rElec   .          Harm     .   (no cloak)
rCorr   .          Rampage  .   (no gloves)
Will    .....                   (no boots)
Stlth   ..........              j - amulet of guardian spirit
HPRegen 0.11/turn               (no ring)
MPRegen 0.09/turn               (no ring)

@: mighty
A: no striking features
a: no special abilities


You were on level 4 of the Dungeon.
You visited 1 branch of the dungeon, and saw 4 of its levels.

You collected 137 gold pieces.

Inventory:

Hand Weapons
 a - a +0 war axe (weapon)
 p - a +0 great sword
Armour
 c - a +0 buckler (worn)
 q - a +0 chain mail (worn)
Jewellery
 j - an amulet of guardian spirit (around neck)
Scrolls
 b - a scroll of brand weapon {unknown}
 f - a scroll of magic mapping {unknown}
 g - a scroll of fear {unknown}
 h - 3 scrolls of identify {unknown}
 k - a scroll of fog {unknown}
 l - 2 scrolls of vulnerability {unknown}
 m - 2 scrolls of amnesia {unknown}
 n - 2 scrolls of noise {unknown}
 o - 3 scrolls of teleportation {unknown}
 r - a scroll of torment {unknown}
Potions
 e - a potion of curing
 i - a potion of degeneration {unknown}
 s - a potion of lignification {unknown}


   Skills:
 + Level 3.5 Fighting
 + Level 2.7 Axes
 + Level 3.6 Armour
 + Level 3.6 Shields


You had 3 spell levels left.
You didn't know any spells.
Your spell library was empty.

Dungeon Overview and Level Annotations

Branches:
Dungeon (4/15)
 Temple: D:4-7

Altars:

Shops:
D:4 (


Message History

The phantom attacks as you move away!
The phantom hits you but does no damage.
It was a potion of curing.
You feel better. The phantom hits you.
* * * LOW HITPOINT WARNING * * *
The phantom blinks!
You blink.
You miss the phantom.
The phantom is lightly damaged.
You block the phantom's attack.
The phantom hits you but does no damage.
You closely miss the phantom.
The phantom is lightly damaged.
You block the phantom's attack.
You miss the phantom.
The phantom is lightly damaged.
The phantom hits you but does no damage.
The phantom hits you.
You miss the phantom.
The phantom is lightly damaged.
The phantom barely misses you.
You barely miss the phantom.
The phantom is lightly damaged.
The phantom hits you.
* * * LOW HITPOINT WARNING * * *
The phantom blinks!
You blink.
The phantom hits you.
* * * LOW HITPOINT WARNING * * *
The phantom blinks!
You blink.
You feel very mighty all of a sudden. The phantom hits you.
* * * LOW HITPOINT WARNING * * *
You barely miss the phantom.
The phantom is lightly damaged.
The phantom barely misses you.
You slash the phantom!
The phantom is severely damaged.
The phantom hits you but does no damage. x2
The phantom hits you but does no damage.
You completely miss the phantom.
The phantom is heavily damaged.
The phantom hits you.
You die...

#....##.......##### ###
##...###..........##....##
##......................##
##........##.....##......
#.........##..###.....##
##...........###.......
#.........##..#......#
###..###..#...#......##
##.#..@.....#.ยง.....###
#......W..............#
#......................
###....................
#....................##
#.............>.......#
.........#####...#.#.#.#
####.....!.. #..........
#..##.>.. ##..#.#.#.#


You could see a phantom.

Vanquished Creatures
  Jessica (D:2)
  2 dart slugs
  7 ball pythons
  6 endoplasms
  2 giant cockroaches
  3 goblins (D:1)
  5 hobgoblins
  4 kobolds
  A quokka (D:3)
  2 bats
  A frilled lizard (D:1)
  7 rats
41 creatures vanquished.

Vanquished Creatures (others)
  2 fungi (D:1)
2 creatures vanquished.

Grand Total: 43 creatures vanquished

Notes
Turn   | Place    | Note
-------+----------+-------------------------------------------
     0 | D:1      | indigestion the Human Fighter began the quest for the Orb.
     0 | D:1      | Reached XP level 1. HP: 18/18 MP: 1/1
   167 | D:1      | Reached XP level 2. HP: 23/24 MP: 2/2
   283 | D:1      | Found a faded altar of an unknown god.
   458 | D:1      | Reached XP level 3. HP: 29/29 MP: 3/3
  1045 | D:2      | Noticed Jessica
  1078 | D:2      | Killed Jessica
  1079 | D:2      | Reached XP level 4. HP: 34/35 MP: 4/4
  1657 | D:3      | You fall into a shaft and drop 1 floor!
  1670 | D:4      | Noticed a phantom
  1693 | D:4      | Found Bituos's Weapon Emporium.
  1740 | D:4      | HP: 1/35 [phantom (5)]
  1744 | D:4      | Slain by a phantom

Illustrated notes

Levels and vault maps discovered:
D:1:      dpeg_arrival_rooms_a, layout_basic,
          shapermc_ecumenical_altar_mp_ritualfount
D:2:      layout_basic, uniq_jessica
D:3:      layout_loops_cross, lemuel_doored_altar, portal_sewer_entry_f,
          minmay_misc_feat_four_crosses
D:4:      layout_cave_pools, zin_scriptorium, nicolae_ru_sacrificial_ziggurat,
          lemuel_tele_altar, serial_shops,
          nicolae_shop_temple_entry_statues_fountains, st_stairs_12,
          hangedman_decor_points

Action                   |  1- 3 |  4- 6 || total
-------------------------+-------+-------++-------
Melee: War axe           |    84 |    42 ||   126
  Use: Potion            |       |     2 ||     2
Armor: Scale mail        |    35 |       ||    35
       Chain mail        |     7 |    28 ||    35
Dodge: Dodged            |    35 |     9 ||    44
Block: Buckler           |    20 |    10 ||    30

Table legend: (Time is in decaauts)
 A = Elapsed time spent in this place.
 B = Non-inter-level travel time spent in this place.
 C = Inter-level travel time spent in this place.
 D = Time resting spent in this place.
 E = Time spent auto-exploring this place.
 F = Levels seen in this place.
 G = Mean time per level.
                   A        B        C        D        E       F      G
               +--------+--------+--------+--------+--------+-----+--------+
         Total |   1796 |   1752 |     44 |     57 |   1284 |   4 |  449.0 |
       Dungeon |   1796 |   1752 |     44 |     57 |   1284 |   4 |  449.0 |
               +--------+--------+--------+--------+--------+-----+--------+

Top non-repeatable levels by time:
     D:2: 856 daAuts
     D:1: 601 daAuts
     D:3: 242 daAuts
     D:4: 95 daAuts
